 Dungeon Crawl Stone Soup version 0.16.0-12-g7215832 (webtiles) character file.

185 RobertPalmer the Changer (level 5, -3/33 HPs)
             Began as an Octopode Transmuter on Mar 18, 2015.
             Was a Follower of Makhleb.
             Slain by an adder (4 damage)
             ... on level 5 of the Dungeon.
             The game lasted 00:08:27 (3483 turns).

RobertPalmer the Changer (Octopode Transmuter)      Turns: 3483, Time: 00:08:27

Health: -3/33      AC:  2    Str: 15    XL:     5   Next: 64%
Magic:  6/9        EV: 20    Int: 15    God:    Makhleb [*.....]
Gold:   78         SH:  0    Dex: 18    Spells: 3 memorised, 2 levels left

rFire  . . .     SeeInvis .       - Unarmed
rCold  . . .     Clarity  .     (shield currently unavailable)
rNeg   . . .     SustAb   .     (helmet currently unavailable)
rPois  x         Gourm    .     (no amulet)
rElec  .         Spirit   .     (no ring)
rCorr  .         Warding  .     (no ring)
rMut   .         Stasis   .     (no ring)
MR     .....                    (no ring)
Stlth  ++........               (no ring)
                                (no ring)
                                (no ring)
                                (no ring)

@: mighty, lethally poisoned (-3 -> -43), spider-form, not resistant to hostile
enchantments, unstealthy
A: almost no armour, amphibious, 8 rings, (constrict 8), (camouflage 0),
(gelatinous body 0)
a: End Transformation, Renounce Religion


You were on level 5 of the Dungeon.
You worshipped Makhleb.
Makhleb was aware of your devotion.
You were not hungry.
You were a venomous arachnid creature.
You visited 1 branch of the dungeon, and saw 4 of its levels.

You collected 78 gold pieces.

Inventory:

Missiles
 b - 40 arrows
Scrolls
 c - 6 scrolls of identify {unknown}
 e - a scroll of immolation {unknown}
 h - a scroll of teleportation {unknown}
 i - 3 scrolls of remove curse {unknown}
 j - 2 scrolls of random uselessness {unknown}
 k - 2 scrolls of amnesia {unknown}
 l - a scroll of enchant weapon {unknown}
Books
 d - a book of Changes
Miscellaneous
 m - a plain deck of defence
   (You found it on level 2 of the Dungeon)
Comestibles
 a - a bread ration {@e1}
 g - a chunk of flesh {@w0}


   Skills:
 - Level 1.0 Fighting
 - Level 2.0 Dodging
 - Level 3.0 Unarmed Combat
 - Level 2.0 Spellcasting
 + Level 5.7 Transmutations


You had 2 spell levels left.
You knew the following spells:

 Your Spells              Type           Power        Failure   Level  Hunger
a - Beastly Appendage     Trmt           ###...       8%          1    #......
c - Spider Form           Trmt/Pois      ##........   45%         3    ###....
s - Sticks to Snakes      Trmt           ###.......   12%         2    ###....


Dungeon Overview and Level Annotations

Branches:
Dungeon (5/15)             Temple (0/1) D:5

Altars:
Ashenzari
Elyvilon
Makhleb
Nemelex Xobeh
Ru
Yredelemnul
Zin
The Shining One

Annotations:
D:3 Sigmund


Innate Abilities, Weirdness & Mutations

You cannot wear most types of armour.
You are amphibious.
You can wear up to eight rings at the same time.
((You can use your tentacles to constrict many enemies at once.))
((Your skin changes colour to match your surroundings (Stealth).))
((Your rubbery body absorbs attacks (AC +1).))


Message History

Your transformation is almost over.
You feel sick. The worker ant closely misses you.
The worker ant completely misses you.
You take 1 damage, and have 29/33 hp.
You barely miss the worker ant.
You feel sick. The worker ant bites you.
You take 4 damage, and have 25/33 hp.
You closely miss the worker ant.
You feel sick. The worker ant bites you.
You take 4 damage, and have 21/33 hp.
Unknown command.
You hit the worker ant but do no damage.
The worker ant is poisoned.
You feel sick. The worker ant completely misses you.
You hit the worker ant!
The worker ant looks even sicker.
The worker ant closely misses you.
You feel sick.
You kill the worker ant!
Makhleb accepts your kill.
You take 1 damage, and have 20/33 hp.
You feel sick.
You take 1 damage, and have 19/33 hp.
You hit the adder.
The adder is poisoned.
The adder bites you but does no damage.
You closely miss the adder.
You feel sick.
The crimson imp blinks!
The adder closely misses you.
You take 1 damage, and have 18/33 hp.
You hit the adder!
You kill the adder!
Makhleb accepts your kill.
You barely miss the kobold.
Your transformation has ended.
You feel sick. The kobold hits you.
You take 4 damage, and have 14/33 hp.
You barely miss the kobold. You grab the kobold.
You constrict the kobold, but do no damage.
The kobold closely misses you.
You tentacle-slap the kobold but do no damage.
You squeeze the kobold.
You kill the kobold!
Makhleb accepts your kill.
You feel sick.
You take 1 damage, and have 13/33 hp.
Things that are here:
a kobold corpse; an adder corpse You barely miss the crimson imp.
You grab the crimson imp.
You constrict the crimson imp, but do no damage.
The crimson imp closely misses you.
An adder comes into view.
You tentacle-slap the crimson imp.
You squeeze the crimson imp, but do no damage.
You constrict the crimson imp, but do no damage.
You feel sick. The crimson imp hits you.
You take 4 damage, and have 10/33 hp.
You tentacle-slap the crimson imp but do no damage.
You constrict the crimson imp. The crimson imp hits you.
* * * LOW HITPOINT WARNING * * *
You take 2 damage, and have 8/33 hp.
You tentacle-slap the crimson imp. You constrict the crimson imp.
The crimson imp struggles to blink free from constriction.
Unknown command.
You tentacle-slap the crimson imp but do no damage.
You constrict the crimson imp.
The crimson imp struggles to blink free from constriction.
You tentacle-slap the crimson imp. x2
You constrict the crimson imp.
You kill the crimson imp!
Makhleb accepts your kill.
You feel a little better.
You feel sick.
You regained 3 hp, and now have 11/33 hp.
You miss the adder. Your grab misses the adder. The adder bites you.
* * * LOW HITPOINT WARNING * * *
You take 2 damage, and have 9/33 hp.
Unknown command.
You turn into a venomous arachnid creature.
The adder closely misses you. The adder bites you.
* * * LOW HITPOINT WARNING * * *
You are lethally poisoned!
The adder poisons you!
You take 3 damage, and have 6/33 hp.
You now have 5/9 mp.
You hit the adder!
The adder is poisoned.
* * * LOW HITPOINT WARNING * * *
You feel sick. The adder completely misses you.
Unknown command.
You barely miss the adder.
* * * LOW HITPOINT WARNING * * *
You feel sick. The adder completely misses you.
You take 1 damage, and have 5/33 hp.
Drink which item? (? for menu, Esc to quit)
It was a potion of might.
You feel very mighty all of a sudden.
* * * LOW HITPOINT WARNING * * *
You feel sick. The adder misses you.
You take 1 damage, and have 4/33 hp.
Drink which item? (? for menu, Esc to quit)
It was a potion of poison.
That liquid tasted very nasty...
You are more poisoned.
* * * LOW HITPOINT WARNING * * *
You feel very sick. The adder bites you.
You die...

...####...#####.# ..#
............##.# ..#
.####.........# #.#
#.........# #.##
#.........# #..#
########..# ## #..##
#########.# . #...#
.......#S#.# #.#.#
#######§#s#.# #...#
§§§§§§§§#...# ##..#
#########.####### #..#
.................#
#..##
###.#.#.#######.###...#
# #.#.# #.......# # ..#
#.......# ....
#.##...># #....
#####.##.####


You could see an adder.

Vanquished Creatures
  A crimson imp (D:5)
  A worker ant (D:5)
  Jessica (D:2)
  4 adders
  A giant mite (D:3)
  3 worms
  An ooze (D:3)
  3 ball pythons
  3 bats (D:2)
  A giant cockroach (D:3)
  8 goblins
  5 hobgoblins
  7 jackals
  10 kobolds
  2 giant geckos
  2 giant newts
  4 rats
57 creatures vanquished.

Vanquished Creatures (collateral kills)
  A kobold (D:3)
1 creature vanquished.

Vanquished Creatures (others)
  A kobold (D:1)
1 creature vanquished.

Grand Total: 59 creatures vanquished

Notes
Turn   | Place    | Note
--------------------------------------------------------------
     0 | D:1      | RobertPalmer, the Octopode Transmuter, began the quest for the Orb.
     0 | D:1      | Reached XP level 1. HP: 13/13 MP: 3/3
   587 | D:1      | Reached XP level 2. HP: 16/18 MP: 2/4
   823 | D:1      | Reached skill level 3 in Transmutations
  1011 | D:2      | Found a sacrificial altar of Ru.
  1026 | D:2      | Learned a level 2 spell: Sticks to Snakes
  1265 | D:2      | HP: 4/18 [adder (4)]
  1267 | D:2      | Reached XP level 3. HP: 5/23 MP: 0/6
  1566 | D:2      | Noticed Jessica
  1575 | D:2      | Killed Jessica
  1575 | D:2      | Reached skill level 4 in Transmutations
  1666 | D:2      | Reached XP level 4. HP: 26/28 MP: 5/7
  1693 | D:2      | Found a white marble altar of Elyvilon.
  1951 | D:2      | Learned a level 3 spell: Spider Form
  1971 | D:2      | Found a sparkling altar of Nemelex Xobeh.
  2188 | D:2      | Found a shattered altar of Ashenzari.
  2192 | D:2      | Found a basalt altar of Yredelemnul.
  2194 | D:2      | Found a burning altar of Makhleb.
  2196 | D:2      | Found a glowing golden altar of the Shining One.
  2199 | D:2      | Became a worshipper of Makhleb the Destroyer
  2540 | D:3      | Noticed Sigmund
  2589 | D:3      | Found a glowing silver altar of Zin.
  3183 | D:3      | Acquired Makhleb's first power
  3183 | D:3      | Reached skill level 5 in Transmutations
  3183 | D:3      | Reached XP level 5. HP: 20/33 MP: 6/9
  3371 | D:3      | You fall through a shaft for 2 floors!
  3371 | D:5      | Entered Level 5 of the Dungeon
  3435 | D:5      | Found a staircase to the Ecumenical Temple.
  3474 | D:5      | HP: 8/33 [crimson imp (2)]
  3479 | D:5      | HP: 6/33 [adder (3)]
  3483 | D:5      | HP: 1/33 [poison (a potion of poison)]
  3483 | D:5      | Slain by an adder

Action                   |  1- 3 |  4- 6 || total
-------------------------+-------+-------++-------
Melee: Unarmed           |    46 |    85 ||   131
 Cast: Beastly Appendage |    12 |    11 ||    23
       Sticks to Snakes  |     2 |     5 ||     7
       Spider Form       |       |     4 ||     4
  Use: Potion            |       |     3 ||     3
 Stab: Sleeping          |     1 |     5 ||     6
  Eat: Chunk             |     3 |     3 ||     6
       Meat ration       |       |     1 ||     1

Vault maps used:
D:1:      shiori_arrival_elements, grunt_decor_clamped,
          minmay_misc_feat_diagonals, hangedman_decor_clover_reticule
D:2:      nicolae_ru_awakened_eye, nemelex_deck, minitemple, elyvilon_altar_1,
          uniq_jessica
D:3:      nicolae_overflow_crystal_walls, overflow_temple_1_default,
          minmay_stone_trees_medium, uniq_sigmund
D:5:      lemuel_ice_spiral_2, minmay_temple_entry_water_ring, first_bread,
          uniq_crazy_yiuf_cottage

Table legend:
 A = Turns spent in this place as a percentage of turns spent in the entire game.
 B = Non-inter-level travel turns spent in this place as a percentage of non-inter-level travel turns spent in the entire game.
 C = Inter-level travel turns spent in this place as a percentage of turns spent in this place.
 D = Turns resting spent in this place as a percentage of non-inter-level travel turns spent in this place.
 E = Turns spent auto-exploring this place as a percentage of non-inter-level travel turns spent in this place.
 F = Non-inter-level travel turns spent in this place divided by the number of levels of this place that you've seen.
                   A       B       C       D       E      F
               +-------+-------+-------+-------+-------+----------------------
         Total | 100.0 | 100.0 |   0.4 |   4.0 |   6.7 | 243.2
       Dungeon | 100.0 | 100.0 |   0.4 |   4.0 |   6.7 | 243.2
               +-------+-------+-------+-------+-------+----------------------

Table legend:
 A = Kills in this place as a percentage of kills in entire the game.
 B = Kills by you in this place as a percentage of kills by you in the entire game.
 C = Kills by friends in this place as a percentage of kills by friends in the entire game.
 D = Other kills in this place as a percentage of other kills in the entire game.
 E = Experience gained in this place as a percentage of experience gained in the entire game.
 F = Experience gained in this place divided by the number of levels of this place that you have seen.
                   A       B       C       D       E      F
               +-------+-------+-------+-------+-------+----------------------
         Total | 100.0 | 100.0 | 100.0 |  -nan | 100.0 |  66.2
       Dungeon | 100.0 | 100.0 | 100.0 |  -nan | 100.0 |  66.2
               +-------+-------+-------+-------+-------+----------------------
